 Dungeon Crawl Stone Soup version 0.29-a0-337-g68df138881 (webtiles) character file.

Game seed: 1544220051751471627

2725 Tlukle the Poker (level 9, -4/47 HPs)
             Began as a Vine Stalker Fighter on Apr 3, 2022.
             Was a Priest of Nemelex Xobeh.
             Killed from afar by an electric eel (12 damage)
             ... with a bolt of electricity
             ... on level 6 of the Dungeon on Apr 16, 2022.
             The game lasted 01:49:10 (13267 turns).

Tlukle the Poker (Vine Stalker Fighter)            Turns: 13267, Time: 01:49:10

Health: -4/47      AC: 11    Str: 22 (24) XL:     9   Next: 67%
Magic:  0/10       EV:  5    Int:  6 (8)  God:    Nemelex Xobeh [***...]
Gold:   425        SH: 13    Dex: 13 (17) Spells: 8/8 levels left

rFire   + . .      SeeInvis .   a - +1 trident
rCold   x . .      Faith    .   m - +0 tower shield
rNeg    + . .      Spirit   +   j - +0 chain mail
rPois   .          Reflect  .   g - +0 helmet
rElec   .          Harm     .   (no cloak)
rCorr   .          Rampage  .   (no gloves)
Will    +....                   (no boots)
Stlth   ..........              (no amulet)
HPRegen 0.95/turn               l - ring of positive energy
MPRegen 0.12/turn               c - ring of fire

@: about to teleport, studying Summonings
A: fangs 3, regeneration 1, magic shield, antimagic bite, no potion heal 2,
agile 1, deterioration 1, strong 1
a: Renounce Religion, Draw Escape, Draw Destruction, Draw Summoning, Triple Draw


You were on level 6 of the Dungeon.
You worshipped Nemelex Xobeh.
Nemelex Xobeh was most pleased with you.
You visited 2 branches of the dungeon, and saw 7 of its levels.

You collected 425 gold pieces.

Inventory:

Hand Weapons
 a - a +1 trident (weapon)
 e - a +1 short sword of flaming
 o - a +4 great sword
 p - a +2 spear
Missiles
 s - a boomerang of dispersal (quivered)
Armour
 g - a +0 helmet (worn)
 j - a +0 chain mail (worn)
 m - a +0 tower shield (worn)
Jewellery
 c - a ring of fire (right hand)
 l - a ring of positive energy (left hand)
Wands
 b - a wand of iceblast (10)
Scrolls
 d - 2 scrolls of fear
 h - a scroll of identify
 i - a scroll of teleportation
 n - 3 scrolls of noise
Potions
 f - 4 potions of curing
 k - a potion of haste
 q - a potion of ambrosia
 r - 4 potions of flight


   Skills:
 + Level 5.0 Fighting
 + Level 7.5 Polearms
 + Level 6.1 Armour
 + Level 1.5 Dodging
 + Level 3.0 Stealth
 + Level 5.1 Shields


You had 8 spell levels left.
You didn't know any spells.
Your spell library contained the following spells:

 Spells                   Type           Power      Damage    Failure   Level
 Ensorcelled Hibernation  Hex/Ice        0%         N/A       100%        2
 Passwall                 Tmut/Erth      0%         N/A       100%        2
 Swiftness                Air            0%         N/A       100%        3
 Tukima's Dance           Hex            0%         N/A       100%        3
 Passage of Golubria      Tloc           0%         N/A       100%        4
 Yara's Violent Unravell  Hex/Tmut       0%         3d3       100%        5


Dungeon Overview and Level Annotations

Branches:
Dungeon (6/15)             Temple (1/1) D:4

Altars:
Ashenzari
Cheibriados
Dithmenos
Fedhas
Gozag
Makhleb
Nemelex Xobeh
Okawaru
Qazlal
Ru
Sif Muna
Trog
Uskayaw
Wu Jian
Xom
Zin

Shops:
D:1 (   D:6 ?

Annotations:
D:6 2 transporters, cbfl8's ghost, weakling MiDe


Innate Abilities, Weirdness & Mutations

You have razor-sharp teeth.
Your natural rate of healing is unusually fast.
When hurt, damage is shared between your health and your magic reserves.
Your bite disrupts and absorbs the magic of your enemies.
Potions cannot restore your health.
You are agile. (Dex +2)
Your body sometimes deteriorates upon taking damage.
Your muscles are strong. (Str +2)


Message History

The electric eel is moderately wounded.
You closely miss the electric eel. You bite the electric eel!
You drain its power.
The electric eel is almost dead.
The electric eel shoots out a bolt of lightning at you!
The bolt of electricity hits you.
You hit the electric eel.
You kill the electric eel!
You start resting.
HP restored.
The electric eel shoots out a bolt of lightning at you!
The bolt of electricity hits you!
The electric eel shoots out a bolt of lightning at you!
The bolt of electricity hits the plant!
The plant begins to die.
The bolt of electricity hits you.
The electric eel shoots out a bolt of lightning at you!
The bolt of electricity hits the plant!
The bolt of electricity hits you.
The electric eel shoots out a bolt of lightning at you!
The bolt of electricity hits the plant!
The bolt of electricity hits you but does no damage.
The electric eel shoots out a bolt of lightning at you!
The bolt of electricity hits the plant!
The bolt of electricity hits you!
You see here 5 gold pieces.
The electric eel shoots out a bolt of lightning at you!
The bolt of electricity hits the plant!
The bolt of electricity hits you!
* * * LOW HITPOINT WARNING * * *
Your body deteriorates!
You feel clumsy.
A nearby plant withers and dies.
The electric eel shoots out a bolt of lightning at you!
The bolt of electricity hits you!
* * * LOW HITPOINT WARNING * * *
Your body deteriorates!
You feel clumsy.
As you read the scroll of teleportation, it crumbles to dust.
You feel strangely unstable.
The electric eel shoots out a bolt of lightning at you!
The bolt of electricity misses you.
The electric eel shoots out a bolt of lightning at you!
The bolt of electricity hits you!
You die...
Your body glows slightly and disappears.

#.#..#.####.#####........#
..#..#)# ##)#....#####.#.#
.......# #....##.# #♣♣♣♣
#....#####....##.####♣♣♣♣♣ ♣
#.#.................≈♣≈≈≈♣P≈♣≈.
[......[.......#.##♣♣≈≈≈≈≈≈≈S≈S.
....[©.........#.♣♣♣≈≈≈S≈≈..P≈..#
.#########.....##♣≈≈≈......).....
##8.$$).8##....#@...$............
#.........#............≈..≈..≈≈≈♣
#.........#........≈.≈≈≈≈≈≈≈P≈≈≈≈
#.........#........≈≈≈≈P≈≈P≈≈≈≈≈≈
#....©....#..#.###..♣≈≈≈≈≈≈≈≈≈≈≈≈
#.........#..........P≈≈≈≈≈≈P≈P≈≈
#.........#..#.##.#.#♣≈P≈P≈≈≈≈♣♣♣
#©......h.#..#.##...#≈≈≈≈≈≈≈≈#
##8....g8##....######.♣♣♣♣♣≈##


You could see an electric eel.

Vanquished Creatures
  4 yaks (D:6)
  A sky beast (D:6)
  2 ice beasts
  4 ogres
  A phantom (D:6)
  3 centaurs
  A bullfrog (D:6)
  A necrophage (D:5)
  A scorpion (D:5)
  5 wights (D:6)
  2 electric eels (D:6)
  4 crimson imps (D:4)
  4 hounds
  A jelly (D:4)
  Jessica (D:3)
  Natasha (thrice) (D:2)
  2 iguanas (D:5)
  4 gnolls (D:4)
  6 adders
  2 shadow imps (D:6)
  4 white imps (D:6)
  An ufetubus (D:6)
  An adder skeleton (D:2)
  2 adder zombies (D:2)
  2 worms
  4 dart slugs
  17 orcs
  3 ball pythons
  4 bats
  2 bat zombies (D:2)
  6 endoplasms
  2 giant cockroaches
  5 goblins
  8 hobgoblins
  2 jackals (D:2)
  9 kobolds
  3 quokkas
  A ball python skeleton (D:2)
  A ball python zombie (D:2)
  8 frilled lizards
  A jackal zombie (D:2)
  4 rats
  9 bushes (D:5)
151 creatures vanquished.

Vanquished Creatures (others)
  15 plants
  18 withered plants (D:2)
33 creatures vanquished.

Grand Total: 184 creatures vanquished

Notes
Turn   | Place    | Note
-------+----------+-------------------------------------------
     0 | D:1      | Tlukle the Vine Stalker Fighter began the quest for the
                  | Orb.
     0 | D:1      | Reached XP level 1. HP: 11/11 MP: 2/2
   314 | D:1      | Reached skill level 2 in Polearms
   314 | D:1      | Reached XP level 2. HP: 16/16 MP: 3/3
   332 | D:1      | Found Meucoraxo's Weapon Shoppe.
   819 | D:1      | Upgraded the game from 0.29-a0-321-gf1c400731a to
                  | 0.29-a0-334-gb41bcbb86e
  2068 | D:2      | Found a faded altar of an unknown god.
  2075 | D:2      | Prayed at the altar of an unknown god.
  2075 | D:2      | Became a worshipper of Nemelex Xobeh the Trickster
  2075 | D:2      | Reached * piety under Nemelex Xobeh
  2192 | D:2      | Reached XP level 3. HP: 20/20 MP: 4/4
  3204 | D:2      | Received a gift from Nemelex Xobeh
  3707 | D:2      | Gained mutation: Your natural rate of healing is unusually
                  | fast. [Vine Stalker growth]
  3707 | D:2      | Reached XP level 4. HP: 21/24 MP: 3/5
  3742 | D:2      | You fall into a shaft and drop 1 floor!
  3755 | D:3      | Found a blossoming altar of Fedhas.
  4303 | D:2      | Noticed Natasha
  4305 | D:2      | Killed Natasha
  4839 | D:2      | Noticed Natasha
  4844 | D:2      | Killed Natasha
  4845 | D:2      | Reached XP level 5. HP: 28/28 MP: 6/6
  5052 | D:3      | Reached skill level 3 in Polearms
  5054 | D:3      | Reached skill level 1 in Dodging
  5076 | D:3      | Noticed Jessica
  5084 | D:3      | Killed Jessica
  5459 | D:3      | Reached ** piety under Nemelex Xobeh
  6401 | D:4      | Received a gift from Nemelex Xobeh
  6667 | D:4      | Reached XP level 6. HP: 32/32 MP: 7/7
  6678 | D:4      | Found a staircase to the Ecumenical Temple.
  6841 | D:4      | Found a shimmering altar of Xom.
  6862 | D:4      | Reached skill level 4 in Polearms
  6884 | D:4      | Reached skill level 1 in Stealth
  6948 | Temple   | Entered the Ecumenical Temple
  7327 | D:4      | Found a shadowy altar of Dithmenos.
  7647 | D:5      | Entered Level 5 of the Dungeon
  7727 | D:5      | Reached XP level 7. HP: 17/36 MP: 8/8
  7914 | D:5      | Found an iron altar of Okawaru.
  8170 | D:5      | Reached skill level 5 in Polearms
  8170 | D:5      | Gained mutation: You have razor-sharp teeth. [Vine Stalker
                  | growth]
  8170 | D:5      | Reached XP level 8. HP: 19/42 MP: 4/9
  8307 | D:5      | Found Meizokonn's Distillery.
  9120 | D:2      | Noticed Natasha
  9127 | D:2      | Killed Natasha
  9662 | D:5      | Reached *** piety under Nemelex Xobeh
 10208 | D:5      | Found a bloodstained altar of Trog.
 10709 | D:5      | Upgraded the game from 0.29-a0-334-gb41bcbb86e to
                  | 0.29-a0-337-g68df138881
 10712 | D:6      | Found Gashezir's Magic Scroll Boutique.
 10955 | D:6      | Found a transporter.
 10957 | D:6      | Noticed cbfl8's ghost (weakling MiDe)
 10958 | D:6      | Found a transporter.
 10958 | D:6      | Noticed a troll
 10958 | D:6      | Noticed a wraith
 10972 | D:6      | Reached skill level 5 in Armour
 11481 | D:6      | Gained mutation: Your muscles are strong. (Str +2) [potion
                  | of mutation]
 11481 | D:6      | Gained mutation: Your body sometimes deteriorates upon
                  | taking damage. [potion of mutation]
 11481 | D:6      | Gained mutation: You are agile. (Dex +2) [potion of
                  | mutation]
 11622 | D:6      | Reached skill level 6 in Polearms
 12136 | D:5      | Identified the -1 quarterstaff of Slow Death {venom, *Rage
                  | Fly rN+}
 12149 | D:5      | Reached XP level 9. HP: 24/46 MP: 3/10
 12494 | D:6      | Reached skill level 7 in Polearms
 12643 | D:6      | Reached skill level 5 in Fighting
 12643 | D:6      | Reached skill level 5 in Shields
 12775 | D:6      | Found a broken altar of Ashenzari.
 13267 | D:6      | Killed from afar by an electric eel

Illustrated notes

Levels and vault maps discovered:
D:1:      kilobyte_arrival_exit_the_forest, layout_loops_cross, serial_rivers,
          chequers_serial_rivers_small_b, chequers_serial_rivers_micro_a,
          chequers_serial_rivers_small_3, chequers_serial_rivers_small_b,
          chequers_serial_rivers_small_b, chequers_serial_rivers_large_b,
          serial_shops, nicolae_shop_bloodbath_and_beyond
D:2:      layout_loops_ring, basic_ecumenical_altar, serial_undead,
          serial_undead_a, serial_undead_b, serial_undead_f, serial_undead_f,
          serial_undead_f, serial_undead_a, dk_noncrumbling_3, uniq_natasha
D:3:      layout_rooms, mainiacjoe_overflow_chevrons, uniq_jessica
D:4:      layout_gridville, nicolae_dithmenos_through_a_glass_darkly,
          led_xom_imps, temple_statues
D:5:      layout_basic, mainiacjoe_overflow_alcove_2,
          mainiacjoe_overflow_alcove_4, serial_shops, nicolae_shop_crystal,
          minmay_manual_mares
D:6:      minmay_octagon_keep, layout_basic, mainiacjoe_overflow_brackets,
          serial_shops, shop_scrolls, gammafunk_ghost_arena, serial_bayou_ford_a
Temple:   compressed_dpeg_circular_temple

Skill      XL: |  1  2  3  4  5  6  7  8  9 |
---------------+----------------------------+-----
Polearms       | 2 3 4 5 6 7 |  7.5
Shields        | 3 4 5 |  5.1
Fighting       | 3 4 5 |  5.0
Armour         | 3 4 5 6 |  6.1
Dodging        | 1 |  1.5
Stealth        | 1 2 3 |  3.0

Action                   |  1- 3 |  4- 6 |  7- 9 || total
-------------------------+-------+-------+-------++-------
Melee: Trident           |   198 |   142 |   628 ||   968
       Bite              |    60 |    35 |   329 ||   424
       Short sword       |       |     5 |       ||     5
Invok: Draw Destruction  |       |     4 |     4 ||     8
       Draw Escape       |       |       |     2 ||     2
       Draw Summoning    |       |       |     1 ||     1
Evoke: Wand              |       |       |     1 ||     1
  Use: Scroll            |     2 |     8 |     6 ||    16
       Potion            |     2 |     2 |     1 ||     5
 Stab: Invisible         |       |     2 |       ||     2
Armor: Scale mail        |    82 |    27 |       ||   109
       Chain mail        |       |    25 |    88 ||   113
Dodge: Dodged            |    60 |    49 |    44 ||   153
Block: Buckler           |    28 |    23 |     6 ||    57
       Tower shield      |       |       |   123 ||   123

Table legend: (Time is in decaauts)
 A = Elapsed time spent in this place.
 B = Non-inter-level travel time spent in this place.
 C = Inter-level travel time spent in this place.
 D = Time resting spent in this place.
 E = Time spent auto-exploring this place.
 F = Levels seen in this place.
 G = Mean time per level.
                   A        B        C        D        E       F      G
               +--------+--------+--------+--------+--------+-----+--------+
         Total |  13646 |  13635 |     11 |   3794 |      0 |   7 | 1949.4 |
       Dungeon |  13438 |  13427 |     11 |   3794 |      0 |   6 | 2239.7 |
        Temple |    207 |    207 |      0 |      0 |      0 |   1 |  207.0 |
               +--------+--------+--------+--------+--------+-----+--------+

Top non-repeatable levels by time:
     D:2: 3203 daAuts
     D:6: 2610 daAuts
     D:5: 2152 daAuts
     D:1: 2139 daAuts
     D:3: 1851 daAuts
     D:4: 1480 daAuts
  Temple: 207 daAuts
